 Dungeon Crawl Stone Soup version 0.27.1-1-g398f81649c (webtiles) character file.

Game seed: 6866979875540550555

2031 Kala the Purveyor of Pain (level 9, -1/68 HPs)
             Began as a Deep Dwarf Necromancer on Sept 7, 2021.
             Was an Initiate of Kikubaaqudgha.
             Slain by Joseph (14 damage)
             ... on level 8 of the Dungeon.
             The game lasted 00:41:08 (9282 turns).

Kala the Purveyor of Pain (Deep Dwarf Necromancer)  Turns: 9282, Time: 00:41:10

Health: -1/68      AC:  3    Str: 13    XL:     9   Next: 3%
Magic:  10/16      EV: 17    Int: 18    God:    Kikubaaqudgha [......]
Gold:   265        SH:  0    Dex: 13    Spells: 10/19 levels left

rFire    . . .     SeeInvis .   c - +2 quarterstaff (pain)
rCold    . . .     Faith    .   (shield currently unavailable)
rNeg     . . .     Spirit   .   a - +0 robe
rPois    .         Reflect  .   D - +0 helmet
rElec    .         Harm     .   (no cloak)
rCorr    .         Rampage  .   (no gloves)
Will     +....                  (no boots)
Stlth    ++........             (no amulet)
HPRegen  0.00/turn              q - +4 ring of evasion
MPRegen  0.15/turn              (no ring)

@: no status effects
A: damage resistance, heal wounds, sense surroundings 2, no regeneration
a: Heal Wounds, Renounce Religion


You were on level 8 of the Dungeon.
You worshipped Kikubaaqudgha.
Kikubaaqudgha was noncommittal.
You visited 2 branches of the dungeon, and saw 9 of its levels.
You also visited: Ossuary.

You collected 265 gold pieces.

Inventory:

Hand Weapons
 c - a +2 quarterstaff of pain (weapon)
 B - the +1 hunting sling "Arbiter" {flame, rC+ rN+}
   (You found it on level 6 of the Dungeon)

   Any ammunition fired from it burns those it strikes, dealing additional fire
   damage.
   rC:        It protects you from cold.
   rN:        It protects you from negative energy.
Missiles
 s - 299 stones
Armour
 a - a +0 robe (worn)
 D - a +0 helmet (worn)
Magical Staves
 w - a staff of earth
Jewellery
 q - a +4 ring of evasion (left hand)
 x - a +6 ring of strength
Wands
 y - a wand of flame (32)
Scrolls
 b - 3 scrolls of enchant weapon {unknown}
 d - a scroll of enchant armour {unknown}
 f - 4 scrolls of vulnerability {unknown}
 g - a scroll of acquirement {unknown}
 h - 2 scrolls of fog {unknown}
 l - 7 scrolls of identify {unknown}
 m - a scroll of immolation {unknown}
 n - a scroll of torment {unknown}
 u - a scroll of magic mapping {unknown}
 A - a scroll of silence {unknown}
 C - a scroll of fear {unknown}
 E - a scroll of amnesia {unknown}
 F - a scroll of noise {unknown}
Potions
 e - 2 potions of ambrosia {unknown}
 i - a potion of resistance {unknown}
 j - 2 potions of curing {unknown}
 k - 2 potions of might {unknown}
 o - 2 potions of heal wounds {unknown}
 p - 5 potions of lignification {unknown}
 r - a potion of degeneration {unknown}
 t - a potion of invisibility {unknown}
 v - 3 potions of mutation {unknown}
 z - 2 potions of brilliance {unknown}


   Skills:
 + Level 3.0 Armour
 + Level 3.9 Dodging
 - Level 2.4 Stealth
 + Level 5.5 Spellcasting
 * Level 10.7 Necromancy


You had 10 spell levels left.
You knew the following spells:

 Your Spells              Type           Power      Damage    Failure   Level
a - Pain                  Necr           100%       1d9       1%          1
b - Animate Skeleton      Necr           86%        N/A       1%          1
c - Vampiric Draining     Necr           21%        2d9       1%          3
d - Animate Dead          Necr           21%        N/A       1%          4

Your spell library contained the following spells:

 Spells                   Type           Power      Damage    Failure   Level
 Agony                    Necr           43%        N/A       4%          5
 Magic Dart               Conj           16%        1d3       13%         1
 Searing Ray              Conj           8%         3d3       19%         2
 Ignite Poison            Fire/Tmut/Pois 4%         N/A       36%         3
 Mephitic Cloud           Conj/Pois/Air  4%         N/A       36%         3
 Fulminant Prism          Conj/Hex       2%         3d6       77%         4
 Bolt of Magma            Conj/Fire/Erth 2%         4d4       98%         5


Dungeon Overview and Level Annotations

Branches:
Dungeon (8/15)             Temple (1/1) D:7         Ossuary (visited)
   Lair: D:8-11

Altars:
Cheibriados
Dithmenos
Elyvilon
Fedhas
Hepliaklqana
Kikubaaqudgha
Makhleb
Nemelex Xobeh
Okawaru
Qazlal
Ru
Sif Muna
Uskayaw
Vehumet
Xom
Yredelemnul
Zin
The Shining One

Shops:
D:2 *

Annotations:
D:8 Joseph


Innate Abilities, Weirdness & Mutations

You are resistant to damage.
You can heal yourself by infusing magical energy.
You passively map the area around you.
You do not regenerate.


Message History

You feel clever.
Your attunement to dungeon structure grows.
Magic restored.
Joseph, a Mercenary comes into view.
He is wielding a +0 quarterstaff and wearing a +2 ring mail of cold resistance.
Joseph unwields a +0 quarterstaff.
Joseph wields a +2 hunting sling of flaming.
It bursts into flame!
Joseph shoots a sling bullet.
The sling bullet hits you! The sling bullet burns you.
Joseph shoots a sling bullet.
The sling bullet hits you! The sling bullet burns you.
Joseph shoots a sling bullet.
The sling bullet hits you!
* * * LOW HITPOINT WARNING * * *
The sling bullet burns you.
* * * LOW HITPOINT WARNING * * *
Joseph shoots a sling bullet.
The sling bullet closely misses you.
A gnoll comes into view. It is wielding a +0 spear.
Found a hunting sling.
Joseph shoots a sling bullet.
The sling bullet closely misses you.
A hornet comes into view.
Found a fuming purple potion.
Joseph unwields a +2 hunting sling of flaming.
It stops flaming.
Joseph wields a +0 quarterstaff.
Joseph hits you with a +0 quarterstaff!
* * * LOW HITPOINT WARNING * * *
Casting: Vampiric Draining (safe; 1% risk of failure)
Confirm with . or Enter, or press ? or * to list all spells.
Aiming: Vampiric Draining (safe; 1% risk of failure)
Press: ? - help, Shift-Dir - straight line, f - Joseph
Aim: Joseph, wielding a +0 quarterstaff, wearing a +2 ring mail of cold resistance and quivering sling bullets You draw life force from Joseph!
You feel life coursing into your body.
The hornet buzzes angrily.
You hear a shout!
Casting: Vampiric Draining (safe; 1% risk of failure)
Confirm with . or Enter, or press ? or * to list all spells.
Aiming: Vampiric Draining (safe; 1% risk of failure)
Press: ? - help, Shift-Dir - straight line, f/p - Joseph
Aim: Joseph, wielding a +0 quarterstaff, wearing a +2 ring mail of cold resistance and quivering sling bullets (lightly wounded)
You draw life force from Joseph!
You feel life coursing into your body. Joseph hits you with a +0 quarterstaff!
You die...
Kikubaaqudgha rasps: "You have failed me!
Welcome... death!"

,, , ,, # ' ,,,
, .!#.# , * # *
* *.#.# .# .. *
#### y#.# ..#..
, * .... , *,
..+,#.#.# **
P..., ..##F#)#.#
.PP. #
#.#...#....*,
.P.P ,,
#.#@#....#,..*
,,, ,, ,
####.#@#8..# ..
* #.. ,
#.......####'###
... ,*
#.##.#..........
.# **
#.##...####.# #
#.##........# .#
# *#.##.########
.# #.##.##.# ##
#.......# #####
#######.####


You could see Joseph and a hornet.

Vanquished Creatures
  A troll (D:7)
  2 yaks
  2 water moccasins (D:6)
  2 black bears
  2 ogres
  2 centaurs
  3 bullfrogs (D:7)
  A scorpion (D:5)
  4 hounds
  An orc priest (D:4)
  A centaur skeleton (D:7)
  Terence (D:2)
  3 orc wizards
  3 gnolls (D:4)
  12 adders
  2 ufetubi
  A worm (D:2)
  24 orcs
  3 bats
  7 endoplasms
  4 giant cockroaches
  9 goblins
  10 hobgoblins
  3 jackals (D:4)
  6 quokkas
  14 ball pythons
  A frilled lizard (D:2)
  10 kobolds
  A rat (D:3)
135 creatures vanquished.

Vanquished Creatures (collateral kills)
  A howler monkey skeleton (D:7)
  A white imp (D:7)
2 creatures vanquished.

Vanquished Creatures (others)
  14 fungi
  26 plants
40 creatures vanquished.

Grand Total: 177 creatures vanquished

Notes
Turn   | Place    | Note
-------+----------+-------------------------------------------
     0 | D:1      | Kala the Deep Dwarf Necromancer began the quest for the
                  | Orb.
     0 | D:1      | Reached XP level 1. HP: 15/15 MP: 3/3
    60 | D:1      | Learned a level 1 spell: Animate Skeleton
   229 | D:1      | Reached XP level 2. HP: 22/22 MP: 0/5
   508 | D:1      | Reached skill level 5 in Necromancy
  1112 | D:2      | Reached XP level 3. HP: 19/28 MP: 0/5
  1176 | D:2      | Noticed Terence
  1183 | D:2      | Killed Terence
  1654 | D:2      | Reached XP level 4. HP: 36/36 MP: 0/6
  2097 | D:2      | Found Delai's Assorted Antiques.
  2501 | D:3      | Learned a level 3 spell: Vampiric Draining
  2538 | D:3      | Reached skill level 6 in Necromancy
  2854 | D:3      | Reached XP level 5. HP: 40/42 MP: 1/8
  2859 | D:3      | Learned a level 4 spell: Animate Dead
  3309 | D:4      | Found a stormy altar of Qazlal.
  3833 | D:3      | Found a shadowy altar of Dithmenos.
  4247 | D:4      | Reached skill level 7 in Necromancy
  4321 | D:4      | Reached XP level 6. HP: 46/49 MP: 0/9
  5065 | D:4      | Found a blossoming altar of Fedhas.
  5715 | D:5      | Entered Level 5 of the Dungeon
  5926 | D:5      | Reached skill level 8 in Necromancy
  5926 | D:5      | Reached XP level 7. HP: 43/55 MP: 0/11
  6382 | D:6      | Noticed a troll
  6391 | D:6      | Reached skill level 9 in Necromancy
  6523 | D:6      | Found a sand-covered staircase.
  6542 | Ossuary  | Entered an ossuary
  6733 | D:6      | Identified the +1 hunting sling "Arbiter" {flame, rC+ rN+}
  6756 | D:6      | Reached XP level 8. HP: 40/62 MP: 1/14
  7240 | D:7      | Found a staircase to the Ecumenical Temple.
  7250 | Temple   | Entered the Ecumenical Temple
  7325 | Temple   | Became a worshipper of Kikubaaqudgha
  7728 | D:7      | Reached skill level 1 in Armour
  7728 | D:7      | Reached skill level 5 in Spellcasting
  7822 | D:7      | Noticed a troll
  7829 | D:7      | Killed a troll
  7830 | D:7      | Reached skill level 10 in Necromancy
  7957 | D:7      | Found a radiant altar of Vehumet.
  7962 | D:7      | Found a sacrificial altar of Ru.
  7966 | D:7      | Found an iron altar of Okawaru.
  9179 | D:8      | Gained mutation: You passively map the area around you.
                  | [Deep Dwarf growth]
  9179 | D:8      | Reached XP level 9. HP: 50/68 MP: 3/16
  9274 | D:8      | Noticed Joseph
  9282 | D:8      | Slain by Joseph

Illustrated notes

Levels and vault maps discovered:
D:1:      dpeg_arrival_rooms_with_view, layout_basic
D:2:      minmay_spotlight, layout_loops_corners, serial_shops, shop_statue,
          uniq_terence
D:3:      layout_rooms, mainiacjoe_overflow_alcove_4, minmay_snake_closets
D:4:      layout_basic, grunt_temple_overflow_forces_of_nature
D:5:      layout_gridville, nicolae_wu_jian_immortal_techniques, serial_shops,
          kennysheep_mini_moat
D:6:      layout_cave_pools, nicolae_ossuary_entry_false_entrances
D:7:      layout_loops_ring, minmay_overflow_temple_star_quad, temple_pool_b
D:8:      layout_loops_cross, mainiacjoe_overflow_chevrons,
          trog_ov_bears_minmay, grunt_lair_entry_orc_guard_hut,
          hangedman_abyss_or_decor_lesser_grid, minivault_1,
          chequers_serial_rivers_small_a, uniq_joseph
Temple:   nicolae_temple_hex_pool

Skill      XL: |  1  2  3  4  5  6  7  8 |
---------------+-------------------------+-----
Spellcasting   | 2 3 4 5 |  5.5
Necromancy     | 5 6 7 8 9 10 | 10.7
Armour         | 3 |  3.0
Dodging        | 3 |  3.9
Stealth        | |  2.4

Action                   |  1- 3 |  4- 6 |  7- 9 || total
-------------------------+-------+-------+-------++-------
Melee: Quarterstaff      |    12 |    22 |     7 ||    41
 Cast: Pain              |    57 |   138 |    12 ||   207
       Animate Skeleton  |     1 |     1 |       ||     2
       Vampiric Draining |       |    27 |    66 ||    93
       Animate Dead      |       |     2 |     4 ||     6
 Abil: Heal Wounds       |     2 |       |       ||     2
Armor: Robe              |     6 |     9 |    15 ||    30
Dodge: Dodged            |    25 |   100 |   117 ||   242
